AoeStats
← joelsc22

Nomad

503436734Analyzed
4v4 RM · 10d ago on Aug 31, 2026· 40m 29s· 8 players
Game mode
Random Map
Map size
231×231
Population
200
Speed
Normal
Resources
Standard
Victory
Conquest
Starting age
Dark Age
Ending age
Imperial Age
RankedLock teamsTeams togetherTeam positionsShared explorationLock speedFull tech treeHidden civsTurbo modeCheats
Victory
Defeat
🇲🇽 Lithuanians · Mexico
666
+11
🇲🇽 Japanese · Mexico
657
+11
🇧🇷 Jurchens · Brazil
617
+13
🇲🇽 Bohemians · Mexico
611
+13
🇫🇷 Goths · France
629
-16
🇫🇷 Huns · France
625
-15
🇫🇷 Sicilians · France
483
-9
🇩🇪 Britons · Germany
466
-9
joelsc22
6:55 Loom
19:41 Feudal Age
20:42 Arson
24:10 Man-at-Arms
25:35 Town Watch
26:22 Horse Collar
28:29 Wheelbarrow
27:42 Double-Bit Axe
36:23 Castle Age
38:15 Hand Cart
Gods ;*
17:07 Feudal Age
17:29 Feudal Age
22:56 Fletching
23:07 Padded Archer Armor
24:35 Man-at-Arms
25:00 Arson
25:51 Double-Bit Axe
26:29 Horse Collar
35:02 Castle Age
34:40 Stone Mining
35:53 Forging
35:39 Bodkin Arrow
36:00 Leather Archer Armor
35:46 Scale Mail Armor
Shonedrache
7:41 Loom
20:15 Feudal Age
21:02 Double-Bit Axe
21:14 Gold Mining
21:07 Horse Collar
20:52 Man-at-Arms
22:24 Wheelbarrow
22:17 Arson
24:23 Scale Mail Armor
25:27 Forging
32:17 Castle Age
35:11 Gold Shaft Mining
34:56 Hand Cart
34:55 Bow Saw
34:26 Pikeman
35:07 Squires
Eärendil
11:30 Loom
18:36 Feudal Age
19:15 Double-Bit Axe
20:02 Horse Collar
20:58 Fishing Lines
24:09 Town Watch
27:56 Castle Age
27:05 Wheelbarrow
27:24 Fletching
31:06 Hand Cart
30:51 Town Patrol
32:01 Bodkin Arrow
33:54 Heavy Plow
34:09 Bow Saw
37:13 Chemistry
36:09 Murder Holes
36:29 Masonry
41:30 Imperial Age
40:19 Padded Archer Armor
40:04 Treadmill Crane
Olivenwald
6:40 Loom
19:45 Feudal Age
22:26 Wheelbarrow
21:41 Horse Collar
23:42 Arson
36:03 Castle Age
38:52 Double-Bit Axe
Ben Brankleton Jr
15:58 Feudal Age
22:47 Horse Collar
28:46 Castle Age
28:11 Scale Barding Armor
28:07 Scale Mail Armor
28:18 Forging
29:35 Husbandry
29:00 Light Cavalry
29:52 Bloodlines
31:47 Double-Bit Axe
38:23 Gold Mining
41:18 Imperial Age
devanneisabelle
15:46 Feudal Age
16:20 Man-at-Arms
18:13 Horse Collar
24:13 Double-Bit Axe
24:45 Gold Mining
27:56 Loom
31:13 Scale Mail Armor
33:48 Padded Archer Armor
36:53 Castle Age
Ben Brankleton Sr
16:05 Loom
20:53 Feudal Age
22:47 Arson
22:22 Man-at-Arms
26:05 Forging
28:01 Castle Age
28:17 Scale Mail Armor
29:49 Double-Bit Axe
29:47 Horse Collar
30:16 Fletching
32:20 Bodkin Arrow
33:46 Husbandry
33:57 Bloodlines
34:35 Scale Barding Armor
37:35 Gold Mining
Connection lost

Rejoining the realm…

Still unreachable

The connection could not be restored.

Session expired

The server has moved on; the page needs a fresh start.